 Dungeon Crawl Stone Soup version bcrawl-1.12.2 (webtiles) character file.

Game seed: 7433195146824195314

44 RedPan the Slasher (level 3, 0/22 HPs)
             Began as an Avariel Reaver on July 23, 2019.
             Was an Initiate of Vehumet.
             Slain by Crazy Yiuf
             ... wielding a +2 quarterstaff of chaos
              (2 damage)
             ... while paralysed by Crazy Yiuf
             ... on level 2 of the Dungeon.
             The game lasted 00:03:01 (2445 turns).

RedPan the Slasher (Avariel Reaver)                 Turns: 2445, Time: 00:03:02

Health: 0/22       AC:  5    Str:  9    XL:     3   Next: 62%
Magic:  6/10       EV:  2    Int: 19    God:    Vehumet [......]
Gold:   195        SH:  0    Dex: 12    Spells: 9/9 levels left

rFire    . . .     SeeInvis .   a - +1 long sword
rCold    . . .     Gourm    .   (no shield)
rNeg     . . .     Faith    .   b - +0 steam dragon scales
rPois    .         Spirit   .   (no helmet)
rElec    .         Reflect  .   (no cloak)
rCorr    .         Harm     .   (no gloves)
MR       .....     Rnd*Tele +   (no boots)
Stlth    +.........             (no amulet)
HPRegen  0.07/turn              l - ring of teleportation (curse)
MPRegen  0.12/turn              (no ring)

@: paralysed, lightly drained
A: no striking features
a: Renounce Religion


You were on level 2 of the Dungeon.
You worshipped Vehumet.
Vehumet was noncommittal.
You were hungry.

You visited 1 branch of the dungeon, and saw 2 of its levels.

You collected 195 gold pieces.

Inventory:

Hand Weapons
 a - a +1 long sword (weapon)
Armour
 b - +0 steam dragon scales (worn)
Jewellery
 l - a cursed ring of teleportation (left hand)
Scrolls
 d - a scroll of immolation
 g - a scroll of teleportation {unknown}
Potions
 c - a potion of haste
 e - a potion of cancellation
 k - a potion of heal wounds {unknown}
Comestibles
 f - 9 rations {!d}


   Skills:
 - Level 2.6(2.4) Fighting
 + Level 4.0(3.7) Long Blades
 + Level 3.9(3.6) Dodging
 + Level 3.5(3.2) Spellcasting


You had 9 spell levels left.
You didn't know any spells.
Your spell library contained the following spells:

 Spells                   Type           Power        Failure   Level  Hunger
 Iskenderun's Battlesphe  Conj/Chrm      #.......     99%         5    ######.


Dungeon Overview and Level Annotations

Branches:
Dungeon (2/12)

Altars:

Annotations:
D:2 Crazy Yiuf


Message History

You open the door.
Crazy Yiuf the Enlightened comes into view.
He is wielding a +2 quarterstaff of chaos.
Crazy Yiuf shouts!
Found a mace.
There is an open door here.
You hit Crazy Yiuf.
Crazy Yiuf is moderately wounded.
Crazy Yiuf hits you with a +2 quarterstaff of chaos.
You completely miss Crazy Yiuf.
Crazy Yiuf is moderately wounded.
Crazy Yiuf hits you with a +2 quarterstaff of chaos.
You suddenly lose the ability to move!
Crazy Yiuf laughs, "Fluff pizzabubble sanguine!"
Crazy Yiuf hits you with a +2 quarterstaff of chaos!
You feel your power leaking away.
Crazy Yiuf laughs, "Rifle!
Shower koolooloo head."
Crazy Yiuf hits you with a +2 quarterstaff of chaos.
* * * LOW HITPOINT WARNING * * *
You feel drained.
You die...

.....# #...#.###.# #.#
#..#.# #####....^..#.#
#.# #..#.#
#......>#.#.#.# #.#
#..#.###.#############
#.# #..#......# #.##
#..######## #...
#.........# ####*
♣♣#### ####
#.........# #)..#♣♣
♣♣P#..## ###########
#..g@.♣♣♣♣PP....#
#...#♣..♣.P.....#
####*♣♣♣.♣.P#.#.#####
♣♣♣♣♣##.......
########


You could see Crazy Yiuf.

Vanquished Creatures
  2 worms
  2 dart slugs (D:1)
  A leopard gecko (D:2)
  An orc (D:2)
  A bat (D:2)
  3 goblins
  5 hobgoblins
  5 jackals
  A quokka (D:2)
  3 ball pythons
  A frilled lizard (D:2)
  2 kobolds (D:2)
  3 rats
  A fungus (D:2)
31 creatures vanquished.

Notes
Turn   | Place    | Note
-------+----------+-------------------------------------------
     0 | D:1      | RedPan the Avariel Reaver began the quest for the Orb.
     0 | D:1      | Reached XP level 1. HP: 13/13 MP: 6/6
    72 | D:1      | Reached XP level 2. HP: 5/18 MP: 8/8
  1161 | D:2      | Reached XP level 3. HP: 18/22 MP: 9/9
  2101 | D:2      | Reached skill level 4 in Long Blades
  2436 | D:2      | Found a runed door.
  2440 | D:2      | Noticed Crazy Yiuf
  2443 | D:2      | Paralysed by Crazy Yiuf for 3 turns
  2445 | D:2      | Slain by Crazy Yiuf

Skill      XL: |  1  2  3 |
---------------+----------+-----
Spellcasting   | 3 |  3.5
Long Blades    | 4 |  4.0
Fighting       | |  2.6
Dodging        | |  3.9

Action                   || total
-------------------------++-------
Melee: Long sword        ||   156
  Use: Scroll            ||     3
  Eat: Chunk             ||     4
Armor: Steam dragon scal ||    38
Dodge: Dodged            ||    79
Block: Other             ||     2
